| TOP OF THE 1ST |
|
University of North Carolina at Chapel Hill Tar Heels batting - Pitching for Fresno State University Bulldogs : RHP Alex Rojas
|
|
Pitching: RHP Alex Rojas
|
|
|
Batting: SHB Ryan Marsh
|
0-0: Ball 1-0: Called Strike 1-1: Foul Ball, location: 2F 1-2: Foul Ball, location: 2F 1-2: Ball 2-2: Ground out 5-3 (Groundball, 25, EV 82.5 MPH)
|
|
Batting: RHB Bill Atley
|
0-0: Ball 1-0: Called Strike 1-1: Swinging Strike 1-2: Ball 2-2: Strikes out swinging
|
|
Batting: RHB Jeremy Rollins
|
0-0: Ball 1-0: Ground out 4-3 (Groundball, 4, EV 88.8 MPH)
|
| Top of the 1st over - 0 runs, 0 hits, 0 errors, 0 left on base; University of North Carolina at Chapel Hill 0 - Fresno State University 0 |
| BOTTOM OF THE 1ST |
|
Fresno State University Bulldogs batting - Pitching for University of North Carolina at Chapel Hill Tar Heels : RHP Isaiah Irving
|
|
Pitching: RHP Isaiah Irving
|
|
|
Batting: RHB Sinfronio Carreon
|
0-0: Ball 1-0: Ball 2-0: Foul Ball, location: 2F 2-1: Called Strike 2-2: Ground out 4-3 (Groundball, 4, EV 99.4 MPH)
|
|
Batting: LHB Ollie Strauss
|
0-0: Ball 1-0: Foul Ball, location: 2F 1-1: Ball 2-1: Foul Ball, location: 2F 2-2: Foul Ball, location: 2F 2-2: Foul Ball, location: 2F 2-2: Foul Ball, location: 2F 2-2: SINGLE (Groundball, 56S, EV 61.9 MPH) (infield hit)
|
|
Batting: SHB Carlton Stannard
|
0-0: Ball 1-0: Swinging Strike 1-1: Foul Ball, location: 2F 1-2: Ball 2-2: Strikes out swinging
|
|
Batting: RHB Sandy Munoz
|
0-0: Ball Ollie Strauss steals 2nd base 1-0: Swinging Strike 1-1: SINGLE (Groundball, 6M, EV 106.9 MPH) Ollie Strauss to third Runner from 3rd tries for Home, SAFE, throw by CF to home
|
|
Batting: LHB Abraham Batista
|
0-0: Ball 1-0: Ball 2-0: Called Strike 2-1: Ball 3-1: Base on Balls Sandy Munoz to second
|
|
Batting: RHB Danilo Baldia
|
0-0: Ball 1-0: Called Strike 1-1: Foul Ball, location: 2F 1-2: 3-RUN HOME RUN (Flyball, 78XD, EV 106.9 MPH), Distance : 415 ft
|
|
Batting: LHB Moktar Ame
|
0-0: Ball 1-0: Ball 2-0: Foul Ball, location: 2F 2-1: Foul Ball, location: 2F 2-2: Ball 3-2: Fly out, F8 (Flyball, 8RD, EV 98.1 MPH)
|
| Bottom of the 1st over - 4 runs, 3 hits, 0 errors, 0 left on base; University of North Carolina at Chapel Hill 0 - Fresno State University 4 |
| TOP OF THE 2ND |
|
University of North Carolina at Chapel Hill Tar Heels batting - Pitching for Fresno State University Bulldogs : RHP Alex Rojas
|
|
Batting: SHB Jim Saxon
|
0-0: Ball 1-0: Called Strike 1-1: Called Strike 1-2: Strikes out looking
|
|
Batting: SHB Jonathan Barrie
|
0-0: Fly out, F7 (Flyball, 7, EV 84.4 MPH)
|
|
Batting: RHB Tony Jennings
|
0-0: Ball 1-0: Called Strike 1-1: Called Strike 1-2: Strikes out swinging
|
| Top of the 2nd over - 0 runs, 0 hits, 0 errors, 0 left on base; University of North Carolina at Chapel Hill 0 - Fresno State University 4 |
| BOTTOM OF THE 2ND |
|
Fresno State University Bulldogs batting - Pitching for University of North Carolina at Chapel Hill Tar Heels : RHP Isaiah Irving
|
|
Batting: RHB Charles Shaw
|
0-0: Ball 1-0: Ball 2-0: Called Strike 2-1: Foul Ball, location: 2F 2-2: Ball 3-2: Fly out, F9 (Flyball, 89D, EV 90.6 MPH)
|
|
Batting: RHB Greg Meyer
|
0-0: Swinging Strike 0-1: Ball 1-1: Swinging Strike 1-2: Strikes out looking
|
|
Batting: RHB Sinfronio Carreon
|
0-0: Called Strike 0-1: Called Strike 0-2: Ground out 6-3 (Groundball, 6, EV 105.6 MPH)
|
| Bottom of the 2nd over - 0 runs, 0 hits, 0 errors, 0 left on base; University of North Carolina at Chapel Hill 0 - Fresno State University 4 |
| TOP OF THE 3RD |
|
University of North Carolina at Chapel Hill Tar Heels batting - Pitching for Fresno State University Bulldogs : RHP Alex Rojas
|
|
Batting: RHB Brandon Wilson
|
0-0: Ground out 6-3 (Groundball, 6, EV 81.2 MPH)
|
|
Batting: LHB Juan Alvarado
|
0-0: Called Strike 0-1: Foul Ball, location: 2F 0-2: Strikes out swinging
|
|
Batting: RHB Michael Houseman
|
0-0: Ball 1-0: Ball 2-0: Ball 3-0: Called Strike 3-1: Foul Ball, location: 2F 3-2: Foul Ball, location: 2F 3-2: Ground out 6-3 (Groundball, 6, EV 93.8 MPH)
|
| Top of the 3rd over - 0 runs, 0 hits, 0 errors, 0 left on base; University of North Carolina at Chapel Hill 0 - Fresno State University 4 |
| BOTTOM OF THE 3RD |
|
Fresno State University Bulldogs batting - Pitching for University of North Carolina at Chapel Hill Tar Heels : RHP Isaiah Irving
|
|
Batting: LHB Ollie Strauss
|
0-0: Ball 1-0: Foul Ball, location: 2F 1-1: Ball 2-1: Ground out 6-3 (Groundball, 6, EV 83.1 MPH)
|
|
Batting: SHB Carlton Stannard
|
0-0: Called Strike 0-1: Ground out 5-3 (Groundball, 56S, EV 80.0 MPH)
|
|
Batting: RHB Sandy Munoz
|
0-0: Called Strike 0-1: Swinging Strike 0-2: Ball 1-2: Strikes out swinging
|
| Bottom of the 3rd over - 0 runs, 0 hits, 0 errors, 0 left on base; University of North Carolina at Chapel Hill 0 - Fresno State University 4 |
| TOP OF THE 4TH |
|
University of North Carolina at Chapel Hill Tar Heels batting - Pitching for Fresno State University Bulldogs : RHP Alex Rojas
|
|
Batting: SHB Ryan Marsh
|
0-0: Swinging Strike 0-1: Ball 1-1: Ball 2-1: Fly out, F7 (Line Drive, 7, EV 87.5 MPH)
|
|
Batting: RHB Bill Atley
|
0-0: Called Strike 0-1: Foul Ball, location: 2F 0-2: Ball 1-2: Ball 2-2: Foul Ball, location: 2F 2-2: Ball 3-2: Strikes out swinging
|
|
Batting: RHB Jeremy Rollins
|
0-0: Fly out, F9 (Flyball, 89M, EV 82.5 MPH)
|
| Top of the 4th over - 0 runs, 0 hits, 0 errors, 0 left on base; University of North Carolina at Chapel Hill 0 - Fresno State University 4 |
| BOTTOM OF THE 4TH |
|
Fresno State University Bulldogs batting - Pitching for University of North Carolina at Chapel Hill Tar Heels : RHP Isaiah Irving
|
|
Batting: LHB Abraham Batista
|
0-0: Ball 1-0: Ball 2-0: Ground out 5-3 (Groundball, 56, EV 100.6 MPH)
|
|
Batting: RHB Danilo Baldia
|
0-0: Foul Ball, location: 2F 0-1: Ball 1-1: Ball 2-1: Foul Ball, location: 2F 2-2: Ball 3-2: Foul Ball, location: 2F 3-2: Foul Ball, location: 2F 3-2: Foul Ball, location: 2F 3-2: Ground out 6-3 (Groundball, 6S, EV 85.0 MPH)
|
|
Batting: LHB Moktar Ame
|
0-0: Ground out 4-3 (Groundball, 4, EV 88.1 MPH)
|
| Bottom of the 4th over - 0 runs, 0 hits, 0 errors, 0 left on base; University of North Carolina at Chapel Hill 0 - Fresno State University 4 |
| TOP OF THE 5TH |
|
University of North Carolina at Chapel Hill Tar Heels batting - Pitching for Fresno State University Bulldogs : RHP Alex Rojas
|
|
Batting: SHB Jim Saxon
|
0-0: Ball 1-0: Called Strike 1-1: Ball 2-1: Foul Ball, location: 2F 2-2: Fly out, F9 (Flyball, 9D, EV 83.8 MPH)
|
|
Batting: SHB Jonathan Barrie
|
0-0: Ball 1-0: Called Strike 1-1: SINGLE (Line Drive, 8LS, EV 106.2 MPH)
|
|
Batting: RHB Tony Jennings
|
0-0: Ball 1-0: Ball 2-0: Foul Ball, location: 2F 2-1: Foul Ball, location: 2F 2-2: Ball 3-2: Fly out, F7 (Flyball, 78M, EV 73.8 MPH)
|
|
Batting: RHB Brandon Wilson
|
0-0: Swinging Strike 0-1: Fly out, F7 (Flyball, 78M, EV 85.6 MPH)
|
| Top of the 5th over - 0 runs, 1 hit, 0 errors, 1 left on base; University of North Carolina at Chapel Hill 0 - Fresno State University 4 |
| BOTTOM OF THE 5TH |
|
Fresno State University Bulldogs batting - Pitching for University of North Carolina at Chapel Hill Tar Heels : RHP Isaiah Irving
|
|
Batting: RHB Charles Shaw
|
0-0: Ball 1-0: Ball 2-0: Ball 3-0: Called Strike 3-1: Fly out, F9 (Line Drive, 9LM, EV 103.1 MPH)
|
|
Batting: RHB Greg Meyer
|
0-0: Called Strike 0-1: Swinging Strike 0-2: Foul Ball, location: 2F 0-2: Strikes out looking
|
|
Batting: RHB Sinfronio Carreon
|
0-0: SINGLE (Groundball, 6M, EV 84.4 MPH) (infield hit)
|
|
Batting: LHB Ollie Strauss
|
0-0: Swinging Strike 0-1: Fielders Choice at 2nd, 6-4 (Groundball, 6, EV 79.4 MPH)
|
| Bottom of the 5th over - 0 runs, 1 hit, 0 errors, 1 left on base; University of North Carolina at Chapel Hill 0 - Fresno State University 4 |
| TOP OF THE 6TH |
|
University of North Carolina at Chapel Hill Tar Heels batting - Pitching for Fresno State University Bulldogs : RHP Alex Rojas
|
|
Batting: LHB Juan Alvarado
|
0-0: Ball 1-0: Swinging Strike 1-1: Ball 2-1: Foul Ball, location: 2F 2-2: Strikes out swinging, 2-3 out at first.
|
|
Batting: RHB Michael Houseman
|
0-0: Ball 1-0: Called Strike 1-1: Ball 2-1: Swinging Strike 2-2: Foul Ball, location: 2F 2-2: Strikes out looking
|
|
Batting: SHB Ryan Marsh
|
0-0: Foul Ball, location: 2F 0-1: Called Strike 0-2: Fly out, F5 (Popup, 56S, EV 86.9 MPH)
|
| Top of the 6th over - 0 runs, 0 hits, 0 errors, 0 left on base; University of North Carolina at Chapel Hill 0 - Fresno State University 4 |
| BOTTOM OF THE 6TH |
|
Fresno State University Bulldogs batting - Pitching for University of North Carolina at Chapel Hill Tar Heels : RHP Isaiah Irving
|
|
Batting: SHB Carlton Stannard
|
0-0: Swinging Strike 0-1: Ball 1-1: Ball 2-1: Ball 3-1: Swinging Strike 3-2: SINGLE (Groundball, 56S, EV 70.0 MPH) (infield hit)
|
|
Pitching: RHP Bobby Franco
|
|
|
Batting: RHB Sandy Munoz
|
0-0: Ball 1-0: Fly out, F8 (Flyball, 89S, EV 81.2 MPH)
|
|
Batting: LHB Abraham Batista
|
0-0: Ball 1-0: Fly out, F8 (Line Drive, 8LD, EV 99.4 MPH)
|
|
Batting: RHB Danilo Baldia
|
0-0: Called Strike 0-1: Ball 1-1: Fly out, F7 (Flyball, 7S, EV 88.8 MPH)
|
| Bottom of the 6th over - 0 runs, 1 hit, 0 errors, 1 left on base; University of North Carolina at Chapel Hill 0 - Fresno State University 4 |
| TOP OF THE 7TH |
|
University of North Carolina at Chapel Hill Tar Heels batting - Pitching for Fresno State University Bulldogs : RHP Alex Rojas
|
|
Batting: RHB Bill Atley
|
0-0: Ball 1-0: Called Strike 1-1: Fly out, F8 (Flyball, 78M, EV 80.6 MPH)
|
|
Batting: RHB Jeremy Rollins
|
0-0: Foul Ball, location: 2F 0-1: Ball 1-1: Ball 2-1: Ground out U3 (Groundball, 3L, EV 100.6 MPH)
|
|
Batting: SHB Jim Saxon
|
0-0: SINGLE (Line Drive, 56D, EV 96.2 MPH)
|
|
Pitching: RHP Oscar Zetino
|
|
|
Batting: SHB Jonathan Barrie
|
0-0: Ball 1-0: Ground out 1-3 (Groundball, 15S, EV 64.4 MPH)
|
| Top of the 7th over - 0 runs, 1 hit, 0 errors, 1 left on base; University of North Carolina at Chapel Hill 0 - Fresno State University 4 |
| BOTTOM OF THE 7TH |
|
Fresno State University Bulldogs batting - Pitching for University of North Carolina at Chapel Hill Tar Heels : RHP Bobby Franco
|
|
Batting: LHB Moktar Ame
|
0-0: Fly out, F8 (Flyball, 8LD, EV 77.5 MPH)
|
|
Batting: RHB Charles Shaw
|
0-0: Fly out, F9 (Flyball, 89S, EV 92.5 MPH)
|
|
Batting: RHB Greg Meyer
|
0-0: Ball 1-0: SOLO HOME RUN (Flyball, 7D, EV 95.0 MPH), Distance : 364 ft
|
|
Batting: RHB Sinfronio Carreon
|
0-0: Called Strike 0-1: Foul Ball, location: 2F 0-2: Fly out, F8 (Line Drive, 8LD, EV 95.0 MPH)
|
| Bottom of the 7th over - 1 run, 1 hit, 0 errors, 0 left on base; University of North Carolina at Chapel Hill 0 - Fresno State University 5 |
| TOP OF THE 8TH |
|
University of North Carolina at Chapel Hill Tar Heels batting - Pitching for Fresno State University Bulldogs : RHP Oscar Zetino
|
|
Batting: RHB Tony Jennings
|
0-0: Called Strike 0-1: SINGLE (Flyball, 34D, EV 88.1 MPH)
|
|
Batting: RHB Brandon Wilson
|
0-0: Swinging Strike 0-1: Ball 1-1: Foul Ball, location: 2F 1-2: SINGLE (Line Drive, 89S, EV 105.0 MPH) Tony Jennings to second
|
|
Batting: LHB Juan Alvarado
|
0-0: Fly out, F7 (Flyball, 7, EV 96.2 MPH)
|
|
Batting: RHB Michael Houseman
|
0-0: Called Strike 0-1: Ball 1-1: Swinging Strike 1-2: Ball 2-2: Strikes out looking
|
|
Batting: SHB Ryan Marsh
|
0-0: SINGLE (Groundball, 34D, EV 95.6 MPH) Tony Jennings to third Brandon Wilson to second Runner from 3rd tries for Home, SAFE, throw by RF to home
|
|
Batting: RHB Bill Atley
|
0-0: Swinging Strike 0-1: Swinging Strike 0-2: SINGLE (Groundball, 56D, EV 98.1 MPH) Brandon Wilson to third Ryan Marsh to second Runner from 3rd tries for Home, SAFE, throw by LF to home
|
|
Batting: RHB Jeremy Rollins
|
0-0: Ball 1-0: Called Strike 1-1: Called Strike 1-2: Ball 2-2: Ball 3-2: Fly out, F8 (Flyball, 78D, EV 88.1 MPH)
|
| Top of the 8th over - 2 runs, 4 hits, 0 errors, 2 left on base; University of North Carolina at Chapel Hill 2 - Fresno State University 5 |
| BOTTOM OF THE 8TH |
|
Fresno State University Bulldogs batting - Pitching for University of North Carolina at Chapel Hill Tar Heels : RHP Bobby Franco
|
|
Pitching: RHP Berry Dow
|
|
|
Batting: LHB Ollie Strauss
|
0-0: Called Strike 0-1: Swinging Strike 0-2: Ball 1-2: SINGLE (Line Drive, 89M, EV 95.0 MPH)
|
|
Batting: SHB Carlton Stannard
|
0-0: Ball 1-0: Ball 2-0: Ball 3-0: Base on Balls Ollie Strauss to second
|
|
Batting: RHB Sandy Munoz
|
0-0: Swinging Strike 0-1: Grounds into double play, 5-4-3 (Groundball, 56, EV 101.9 MPH) Ollie Strauss to third
|
|
Batting: LHB Abraham Batista
|
0-0: Fly out, F1 (Popup, 13, EV 76.2 MPH)
|
| Bottom of the 8th over - 0 runs, 1 hit, 0 errors, 1 left on base; University of North Carolina at Chapel Hill 2 - Fresno State University 5 |
| TOP OF THE 9TH |
|
University of North Carolina at Chapel Hill Tar Heels batting - Pitching for Fresno State University Bulldogs : RHP Oscar Zetino
|
|
Pitching: RHP Milojica Mrdja
|
|
|
Batting: SHB Jim Saxon
|
0-0: Called Strike 0-1: Ball 1-1: Foul Ball, location: 2F 1-2: Ball 2-2: Ground out U3 (Groundball, 13, EV 89.4 MPH)
|
|
Batting: SHB Jonathan Barrie
|
0-0: Ball 1-0: Called Strike 1-1: SINGLE (Line Drive, 4M, EV 96.2 MPH)
|
|
Batting: RHB Tony Jennings
|
0-0: Ball 1-0: Grounds into double play, 6-4-3 (Groundball, 6S, EV 84.4 MPH)
|
| Top of the 9th over - 0 runs, 1 hit, 0 errors, 0 left on base; University of North Carolina at Chapel Hill 2 - Fresno State University 5 |
|